 Dungeon Crawl Stone Soup version 0.31-a0-232-gb1c03b2570 (webtiles) character file.

Game seed: 5795497196751395325

103 qw the Shooter (level 4, -6/36 HPs)
             Began as a Minotaur Hexslinger on July 7, 2023.
             Mangled by Ijyb
             ... wielding a +6 club
              (9 damage)
             ... on level 3 of the Dungeon.
             The game lasted 00:00:47 (1726 turns).

qw the Shooter (Minotaur Hexslinger)                Turns: 1726, Time: 00:00:47

Health: -6/36      AC:  5    Str: 12    XL:     4   Next: 51%
Magic:  4/4        EV: 11    Int: 10    God:
Gold:   111        SH:  5    Dex: 15    Spells: 4/5 levels left

rFire   + + .        Y - +1 sling
rCold   + . .        (no shield)
rNeg    . . .        f - +0 ring mail
rPois   .            (helmet restricted)
rElec   .            g - scarf {rC+ rF+}
rCorr   .            (no gloves)
SInv    .            (no boots)
Will    .....        c - amulet of reflection
Stlth   +            d - ring of protection from fire
HPRegen 0.26/turn    (no ring)
MPRegen 0.09/turn

%: reflection
@: no status effects
A: horns 2, retaliatory headbutt
a: no special abilities


You were on level 3 of the Dungeon.
You visited 1 branch of the dungeon, and saw 3 of its levels.

You collected 111 gold pieces.


Innate Abilities, Weirdness & Mutations

You have a pair of horns on your head.
You reflexively headbutt those who attack you in melee.


   Skills:
 - Level 2.0 Fighting
 + Level 4.9 Ranged Weapons
 - Level 1.0 Armour
 - Level 2.1 Dodging
 - Level 1.0 Spellcasting
 - Level 2.0 Hexes


You had 4 spell levels left.
You knew the following spells:

 Your Spells              Type           Power      Damage    Failure   Level
a - Slow                  Hex            16%        N/A       34%         1

Your spell library contained the following spells:

 Spells                   Type           Power      Damage    Failure   Level
 Inner Flame              Hex/Fire       2%         N/A       83%         3
 Portal Projectile        Hex/Tloc       4%         N/A       83%         3
 Cause Fear               Hex            2%         N/A       98%         4

Inventory:

Hand Weapons
 Y - a +1 sling (weapon)
Armour
 f - a +0 ring mail (worn)
 g - a scarf of resistance (worn)
Jewellery
 c - an amulet of reflection (around neck)
 d - a ring of protection from fire (left hand)
Scrolls
 a - a scroll of identify
Potions
 h - a potion of curing
 j - a potion of invisibility {unknown}
 k - a potion of cancellation {unknown}
 l - 2 potions of ambrosia {unknown}

Dungeon Overview and Level Annotations

Branches:
Dungeon (3/15)

Altars:

Annotations:
D:3 Ijyb


Message History

Enter note:
Enter note: You shoot a sling bullet.
The sling bullet hits Ijyb.
Ijyb is lightly wounded.
Ijyb zaps a wand.
You suddenly lose the ability to move!
Ijyb screams, "Die!"
Ijyb hits you with a +6 club!
Ijyb zaps a wand.
You shrug off the repeated paralysis!
Ijyb hits you with a +6 club.
You can move again.
You shoot a sling bullet. The sling bullet barely misses Ijyb.
Ijyb hits you with a +6 club.
You shoot a sling bullet. The sling bullet barely misses Ijyb.
Ijyb zaps a wand.
You resist with some effort. Ijyb hits you with a +6 club!
You shoot a sling bullet. The sling bullet hits Ijyb.
Ijyb is moderately wounded.
Ijyb closely misses you.
You shoot a sling bullet. The sling bullet barely misses Ijyb.
Ijyb closely misses you. You furiously retaliate!
You headbutt Ijyb. You shoot a sling bullet. The sling bullet hits Ijyb!
Ijyb is heavily wounded.
Ijyb zaps a wand.
You resist with some effort.
You shoot a sling bullet. The sling bullet hits Ijyb.
Ijyb is severely wounded.
Ijyb zaps a wand.
You suddenly lose the ability to move!
Ijyb hits you with a +6 club. Ijyb hits you but does no damage.
Ijyb hits you with a +6 club. Ijyb hits you with a +6 club.
You can move again.
You shoot a sling bullet.
The sling bullet hits Ijyb but does no damage.
Ijyb is severely wounded.
Ijyb hits you with a +6 club.
You shoot a sling bullet. The sling bullet barely misses Ijyb.
You block Ijyb's attack.
You shoot a sling bullet. The sling bullet hits Ijyb.
Ijyb is almost dead.
Ijyb hits you with a +6 club!
You die...

############
#........@.#
#.########g#
########.#
.#
.........#
.#
..[....###
.# ######.#
.# #.# .#
#.# .# #.#


You could see Ijyb.

Vanquished Creatures
  5 adders
  An orc (D:3)
  8 ball pythons
  3 endoplasms (D:1)
  A giant cockroach (D:2)
  2 goblins
  8 hobgoblins
  6 jackals
  3 quokkas
  7 bats
  4 frilled lizards
  2 kobolds
  4 rats
54 creatures vanquished.

Notes
Turn   | Place    | Note
-------+----------+-------------------------------------------
     0 | D:1      | qw the Minotaur Hexslinger began the quest for the Orb.
     0 | D:1      | Reached XP level 1. HP: 16/16 MP: 1/1
     0 | D:1      | 0 ||| qw: Version: 0.3-a-46-gb1f654a
     0 | D:1      | 0 ||| qw: Game counter: 2615
     0 | D:1      | 0 ||| qw: Melee chars always use a shield: true
     0 | D:1      | 0 ||| qw: God list: Okawaru
     0 | D:1      | 0 ||| qw: Allow faded altars: false
     0 | D:1      | 0 ||| qw: Do Orc after clearing Dungeon:15 true
     0 | D:1      | 0 ||| qw: Do second Lair branch before Depths: true
     0 | D:1      | 0 ||| qw: Lair rune preference: random
     0 | D:1      | 0 ||| qw: Goals: Normal
     0 | D:1      | 0 ||| PLANNING D:1-11
   176 | D:1      | Reached skill level 3 in Ranged Weapons
   176 | D:1      | Reached XP level 2. HP: 23/23 MP: 2/2
   291 | D:1      | 291 ||| FLEEEEING.
   292 | D:1      | 292 ||| FLEEEEING.
   293 | D:1      | 293 ||| FLEEEEING.
   301 | D:1      | 301 ||| FLEEEEING.
   302 | D:1      | 302 ||| FLEEEEING.
   306 | D:1      | 306 ||| FLEEEEING.
   307 | D:1      | 307 ||| FLEEEEING.
   311 | D:1      | 311 ||| FLEEEEING.
   312 | D:1      | 312 ||| FLEEEEING.
   313 | D:1      | 313 ||| FLEEEEING.
   314 | D:1      | 314 ||| FLEEEEING.
   703 | D:1      | 703 ||| UPGRADING to +0 ring mail.
   713 | D:1      | 713 ||| DROPPING +0 robe.
   714 | D:1      | 714 ||| UPGRADING to ring of protection from fire.
   715 | D:1      | 715 ||| READING 3 scrolls labelled ITZAAX CETHREU.
   716 | D:1      | 716 ||| READING scroll labelled TEOPRI XISHONU.
   717 | D:1      | 717 ||| READING 2 scrolls of identify.
   717 | D:1      | 717 ||| IDENTIFYING blue potion
   718 | D:1      | 718 ||| DROPPING scroll of poison.
   719 | D:1      | 719 ||| DROPPING potion of berserk rage.
   768 | D:2      | Reached XP level 3. HP: 29/29 MP: 3/3
   835 | D:2      | Reached skill level 4 in Ranged Weapons
   968 | D:2      | Reached skill level 1 in Armour
  1122 | D:2      | You fall into a shaft and drop 1 floor!
  1176 | D:3      | Reached XP level 4. HP: 32/36 MP: 4/4
  1353 | D:3      | 1353 ||| UPGRADING to scarf of resistance.
  1358 | D:3      | 1358 ||| READING scroll labelled HATSACY ANAUMN.
  1359 | D:3      | 1359 ||| READING scroll labelled KASASE AWNIANT.
  1359 | D:3      | Identified a scroll of acquirement
  1359 | D:3      | 1359 ||| ACQUIRING amulet of reflection
  1359 | D:3      | Acquired an amulet of reflection
  1361 | D:3      | 1361 ||| UPGRADING to amulet of reflection.
  1366 | D:3      | 1366 ||| READING scroll labelled WEABAH GOMA.
  1467 | D:3      | 1467 ||| READING 3 scrolls of identify.
  1467 | D:3      | 1467 ||| IDENTIFYING fuming cyan potion
  1468 | D:3      | 1468 ||| READING 2 scrolls of identify.
  1468 | D:3      | 1468 ||| IDENTIFYING purple potion
  1469 | D:3      | 1469 ||| DROPPING potion of brilliance.
  1473 | D:3      | 1473 ||| FLEEEEING.
  1474 | D:3      | 1474 ||| STAIRDANCE
  1709 | D:3      | Noticed Ijyb
  1710 | D:3      | Paralysed by Ijyb for 5 turns
  1720 | D:3      | Paralysed by Ijyb for 4 turns
  1723 | D:3      | HP: 8/36 [Ijyb/+6 club (3)]
  1724 | D:3      | HP: 2/36 [Ijyb/+6 club (6)]
  1726 | D:3      | Mangled by Ijyb

Levels and vault maps discovered:
D:1:      tarquinn_simple_flora_water_a, layout_loops_ring
D:2:      layout_basic
D:3:      minmay_general_purpose_star, layout_loops_ring, bloody_makhleb,
          nicolae_hexahallways, uniq_ijyb

Skill      XL: |  1  2  3 |
---------------+----------+-----
Ranged Weapons | 3 4 |  4.9
Fighting       | 2 |  2.0
Armour         | 1 |  1.0
Dodging        | |  2.1
Spellcasting   | |  1.0
Hexes          | |  2.0

Action                     |  1- 3 |  4- 6 || total
---------------------------+-------+-------++-------
   Fire: Sling             |   126 |    41 ||   167
    Use: Scroll            |     3 |     5 ||     8
 Armour: Robe              |     5 |       ||     5
         Ring mail         |     4 |     6 ||    10
  Dodge: Dodged            |    45 |    12 ||    57
  Block: Other             |       |     2 ||     2

Table legend:
 A = Non-vault XP
 B = Vault XP
 C = Vault XP percentage of total XP
 D = Non-vault monster count
 E = Vault monster count
 F = Vault count percentage of total count
                 A         B        C        D         E       F
            +---------+---------+-------+---------+---------+-------
      Total |     130 |      18 |  12.2 |      51 |       3 |   5.6
            +---------+---------+-------+---------+---------+-------
        D:1 |      40 |       0 |   0.0 |      24 |       0 |   0.0
        D:2 |      56 |       0 |   0.0 |      19 |       0 |   0.0
        D:3 |      34 |      18 |  34.6 |       8 |       3 |  27.3
            +---------+---------+-------+---------+---------+-------
